 Dungeon Crawl Stone Soup version 0.31-a0-83-gbff143cfd1 (webtiles) character file.

Game seed: 1477924704588499618

123 Strat the Sneak (level 5, -3/32 HPs)
             Began as a Kobold Brigand on May 24, 2023.
             Slain by a kobold brigand
             ... wielding a +0 dagger
              (5 damage)
             ... in a sewer.
             The game lasted 00:03:50 (2388 turns).

Strat the Sneak (Kobold Brigand)                    Turns: 2388, Time: 00:03:50

Health: -3/32      AC:  6    Str:  9    XL:     5   Next: 29%
Magic:  5/5        EV: 15    Int: 12    God:
Gold:   81         SH:  0    Dex: 18    Spells: 4/4 levels left

rFire   . . .        a - +2 dagger
rCold   . . .        (no shield)
rNeg    . . .        b - +0 robe
rPois   .            k - +0 helmet
rElec   .            c - +0 cloak
rCorr   .            o - +1 pair of gloves
SInv    .            (no boots)
Will    .....        (no amulet)
Stlth   ++           (no ring)
HPRegen 0.25/turn    (no ring)
MPRegen 0.09/turn

%: no passive effects
@: very slow
A: small, no large weapons, nightstalker 3
a: no special abilities


You were in a sewer.
You visited 1 branch of the dungeon, and saw 3 of its levels.
You also visited: Sewer.

You collected 81 gold pieces.

Inventory:

Hand Weapons
 a - a +2 dagger (weapon)
Missiles
 d - 12 poisoned darts (quivered)
 e - 3 curare-tipped darts
 j - 4 datura-tipped darts
Armour
 b - a +0 robe (worn)
 c - a +0 cloak (worn)
 k - a +0 helmet (worn)
 o - a +1 pair of gloves (worn)
Jewellery
 l - a ring of ice
Wands
 m - a wand of polymorph (6)
Scrolls
 g - a scroll of torment
Potions
 f - a potion of enlightenment {unknown}
 h - a potion of attraction {unknown}
 i - 2 potions of curing {unknown}


   Skills:
 + Level 3.3 Fighting
 + Level 4.0 Short Blades
 - Level 2.1 Throwing
 + Level 2.9 Dodging
 + Level 6.4 Stealth


You had 4 spell levels left.
You didn't know any spells.
Your spell library contained the following spells:

 Spells                   Type           Power      Damage    Failure   Level
 Passwall                 Tmut/Erth      0%         N/A       45%         2
 Summon Lightning Spire   Summ/Air       0%         N/A       97%         4
 Malign Gateway           Summ/Tloc      0%         N/A       100%        7
 Monstrous Menagerie      Summ           0%         N/A       100%        7


Dungeon Overview and Level Annotations

Branches:
Dungeon (3/15)              Sewer (1/1)

Altars:

Shops:
D:1 =:


Innate Abilities, Weirdness & Mutations

You are small and have problems with some larger weapons.
You are completely attuned to the shadows.


Message History

Your unstable footing causes you to fumble your attack.
The kobold brigand splashes around in the water.
You closely miss the kobold brigand.
The kobold brigand is severely wounded.
The kobold brigand hits you with a +0 dagger.
* * * LOW HITPOINT WARNING * * *
You hit the kobold brigand.
The kobold brigand is severely wounded.
The kobold brigand splashes around in the water.
You barely miss the kobold brigand.
The kobold brigand is severely wounded.
The kobold brigand barely misses you.
You hit the kobold brigand but do no damage.
The kobold brigand is severely wounded.
You barely miss the kobold brigand.
The kobold brigand is severely wounded.
The kobold brigand splashes around in the water.
Your unstable footing causes you to fumble your attack.
The kobold brigand completely misses you.
You hit the kobold brigand but do no damage.
The kobold brigand is severely wounded.
The kobold brigand splashes around in the water.
You hit the kobold brigand but do no damage.
Your punch misses the kobold brigand.
The kobold brigand is severely wounded.
The kobold brigand hits you with a +0 dagger!
* * * LOW HITPOINT WARNING * * *
You hit the kobold brigand.
The kobold brigand is severely wounded.
You hit the kobold brigand.
The kobold brigand is almost dead.
The kobold brigand hits you with a +0 dagger.
* * * LOW HITPOINT WARNING * * *
Your unstable footing causes you to fumble your attack.
The kobold brigand hits you with a +0 dagger.
* * * LOW HITPOINT WARNING * * *
You hit the kobold brigand but do no damage.
The kobold brigand is almost dead.
The kobold brigand hits you with a +0 dagger.
You die...

#~# #~# #~# #~# #~# #~#
#~# #~# #@#
##K#########
#######~~~~K.~~†.#
#####.....~~~..~~~~~.#
≈≈≈≈~~~~≈~~~~~)~≈≈≈~.#
≈≈≈≈≈≈≈≈≈≈≈≈≈≈≈≈≈≈≈~...
≈≈≈~~~~~~~~~~~~~≈≈≈~~#.
#####........~~~~~~~
###.###.....~.~


You could see a kobold brigand.

Vanquished Creatures
  A hound (D:2)
  An adder (D:2)
  A river rat (Sewer)
  2 worms (D:2)
  3 dart slugs
  2 orcs (D:2)
  4 bats (D:1)
  5 endoplasms
  6 giant cockroaches
  2 goblins (D:1)
  3 hobgoblins
  6 jackals
  4 kobolds
  7 quokkas
  5 ball pythons
  2 frilled lizards
  5 rats
59 creatures vanquished.

Notes
Turn   | Place    | Note
-------+----------+-------------------------------------------
     0 | D:1      | Strat the Kobold Brigand began the quest for the Orb.
     0 | D:1      | Reached XP level 1. HP: 12/12 MP: 1/1
    62 | D:1      | Found Vaceh's One-of-a-Kind Rings.
   200 | D:1      | Got the Atlas of Familiar Transformation
   294 | D:1      | Reached XP level 2. HP: 14/18 MP: 2/2
   486 | D:1      | Found a faded altar of an unknown god.
   586 | D:1      | Reached XP level 3. HP: 22/22 MP: 3/3
   714 | D:1      | Found Penon's Book Emporium.
   805 | D:2      | Reached skill level 6 in Stealth
   805 | D:2      | Reached XP level 4. HP: 28/28 MP: 4/4
  1712 | D:2      | Reached XP level 5. HP: 32/32 MP: 5/5
  2172 | D:3      | Found a glowing drain.
  2199 | Sewer    | Entered a sewer
  2350 | Sewer    | Noticed a kobold brigand
  2361 | Sewer    | Noticed a kobold brigand
  2387 | Sewer    | HP: 1/32 [kobold brigand/+0 dagger (5)]
  2388 | Sewer    | Slain by a kobold brigand

Illustrated notes

Levels and vault maps discovered:
D:1:      sevenhm_arrival_forest_fort_small_4, layout_loops_ring,
          shapermc_ecumenical_altar_hornbeckon, serial_shops,
          nicolae_shop_rolling_square, moated_statue, nicolae_shop_unique_rings
D:2:      cheibrodos_pilgrimage, layout_loops_corners, minmay_worlds_worst_comb
D:3:      layout_basic, mainiacjoe_overflow_concentric_impassable,
          portal_sewer_entry_f
Sewer:    sewer_kobolds

Skill      XL: |  1  2  3  4  5 |
---------------+----------------+-----
Short Blades   | 3 4 |  4.0
Dodging        | 2 |  2.9
Fighting       | 3 |  3.3
Stealth        | 6 |  6.4
Throwing       | |  2.1

Action                     |  1- 3 |  4- 6 || total
---------------------------+-------+-------++-------
  Melee: Dagger            |    45 |   148 ||   193
         Punch             |       |     1 ||     1
    Use: Scroll            |       |     2 ||     2
   Stab: Sleeping          |    19 |    16 ||    35
         Distracted        |       |     1 ||     1
 Armour: Robe              |     4 |    19 ||    23
  Dodge: Dodged            |    15 |    70 ||    85

Table legend: (Time is in decaauts)
 A = Elapsed time spent in this place.
 B = Non-inter-level travel time spent in this place.
 C = Inter-level travel time spent in this place.
 D = Time resting spent in this place.
 E = Time spent auto-exploring this place.
 F = Levels seen in this place.
 G = Mean time per level.
                   A        B        C        D        E       F      G
               +--------+--------+--------+--------+--------+-----+--------+
         Total |   2400 |   2365 |     35 |     57 |   1772 |   4 |  600.0 |
       Dungeon |   2189 |   2154 |     35 |     28 |   1698 |   3 |  729.7 |
         Sewer |    210 |    210 |      0 |     29 |     74 |   1 |  210.0 |
               +--------+--------+--------+--------+--------+-----+--------+

Top non-repeatable levels by time:
     D:2: 1120 daAuts
     D:1: 790 daAuts
     D:3: 279 daAuts
   Sewer: 210 daAuts
